 Dungeon Crawl Stone Soup version 0.23.2 (webtiles) character file.

Game seed: 2292599543552267427

415 Peloso the Slasher (level 6, 0/56 HPs)
             Began as a Minotaur Fighter on Apr 4, 2019.
             Slain by an orc warrior
             ... wielding a +0 morningstar
              (7 damage)
             ... on level 4 of the Dungeon.
             The game lasted 00:04:56 (2572 turns).

Peloso the Slasher (Minotaur Fighter)               Turns: 2572, Time: 00:04:56

Health: 0/56       AC:  7    Str: 26    XL:     6   Next: 60%
Magic:  5/5        EV:  8    Int:  5    God:
Gold:   97         SH: 10    Dex: 11    Spells: 5/5 levels left

rFire    . . .     SeeInvis .   a - +0 long sword
rCold    . . .     Gourm    .   c - +0 shield
rNeg     . . .     Faith    .   b - +0 scale mail
rPois    .         Spirit   .   (helmet restricted)
rElec    .         Reflect  .   (no cloak)
rCorr    .         Harm     .   l - -1 pair of gloves
MR       .....                  (no boots)
Stlth    ..........             (no amulet)
HPRegen  0.18/turn              t - ring of wizardry
MPRegen  0.09/turn              (no ring)

@: mighty, lethally poisoned (0 -> -1)
A: retaliatory headbutt, horns 2
a: no special abilities


You were on level 4 of the Dungeon.
You were not hungry.

You visited 1 branch of the dungeon, and saw 4 of its levels.

You collected 97 gold pieces.

Inventory:

Hand Weapons
 a - a +0 long sword (weapon)
Armour
 b - a +0 scale mail (worn)
 c - a +0 shield (worn)
 l - a -1 pair of gloves (worn)
Jewellery
 t - a ring of wizardry (left hand)
Scrolls
 i - 2 scrolls of teleportation
 j - 2 scrolls of identify
 r - a scroll of blinking
 s - a scroll of magic mapping {unknown}
Potions
 d - 6 potions of might
 e - a potion of agility
 g - a potion of resistance {unknown}
 h - 2 potions of curing {unknown}
 k - a potion of ambrosia {unknown}
 m - a potion of cancellation {unknown}
 n - a potion of heal wounds {unknown}
 o - 2 potions of lignification {unknown}
 p - a potion of brilliance {unknown}
 q - a potion of mutation {unknown}
Comestibles
 f - 3 rations


   Skills:
 + Level 5.1 Fighting
 + Level 5.9 Long Blades
 + Level 5.2 Armour
 + Level 0.7 Dodging
 + Level 0.1 Stealth
 + Level 4.5 Shields


You had 5 spell levels left.
You didn't know any spells.
Your spell library was empty.

Dungeon Overview and Level Annotations

Branches:
Dungeon (4/15)
 Temple: D:4-7

Altars:
Fedhas
Hepliaklqana
Qazlal
Ru
Uskayaw


Innate Abilities, Weirdness & Mutations

You reflexively headbutt those who attack you in melee.
You have a pair of horns on your head.


Message History

You slice the orc!!
You kill the orc!
You feel sick.
You hit the orc.
The orc is almost dead.
The orc closely misses you. You furiously retaliate!
You headbutt the orc!!
You kill the orc!
You slash the orc!
You kill the orc!
You feel sick.
You closely miss the orc. You headbutt the orc.
You kill the orc!
Your shield and scale mail prevent you from hitting the orc warrior.
The orc warrior hits you with a +0 morningstar!!
* * * LOW HITPOINT WARNING * * *
You closely miss the orc warrior. You block the orc warrior's attack.
You hit the orc warrior but do no damage.
You feel sick.
The orc warrior hits you with a +0 morningstar!
You die...

##......#
##.......##
##...†.....###
#......###...#
##....### ###.. ...#
##.##### ##. ...#
##.## ## ...## ##.##
....# ###@## ....##
#####.o##
.....#####......#
................##
....(.(..........##
##.......(........##
##...##########...#
##### ###.# #.#


You could see an orc warrior.

Vanquished Creatures
  Grinder (D:3)
  Natasha (D:2)
  3 worker ants (D:4)
  6 adders
  3 dart slugs
  5 orcs
  6 bats
  2 giant cockroaches (D:2)
  3 goblins
  8 hobgoblins
  6 jackals
  5 kobolds (D:1)
  4 quokkas
  3 frilled lizards
  A leopard gecko skeleton (D:4)
  5 rats
62 creatures vanquished.

Notes
Turn   | Place    | Note
-------+----------+-------------------------------------------
     0 | D:1      | Peloso the Minotaur Fighter began the quest for the Orb.
     0 | D:1      | Reached XP level 1. HP: 19/19 MP: 0/0
   270 | D:1      | Reached XP level 2. HP: 27/27 MP: 1/1
   877 | D:2      | Reached XP level 3. HP: 31/33 MP: 2/2
   952 | D:2      | Noticed Natasha
   955 | D:2      | Killed Natasha
   955 | D:2      | Reached XP level 4. HP: 41/41 MP: 3/3
   974 | D:2      | Noticed a +0 hand axe
   975 | D:2      | Noticed a +0 hand axe
   980 | D:2      | Found a hide-covered altar of Uskayaw.
  1656 | D:3      | Noticed Grinder
  1675 | D:3      | Paralysed by Grinder for 3 turns
  1677 | D:3      | Found a blossoming altar of Fedhas.
  1900 | D:3      | Paralysed by Grinder for 6 turns
  1908 | D:3      | Paralysed by Grinder for 2 turns
  1912 | D:3      | Killed Grinder
  1912 | D:3      | Reached skill level 5 in Fighting
  1912 | D:3      | Reached skill level 5 in Long Blades
  1912 | D:3      | Reached skill level 5 in Armour
  1912 | D:3      | Reached XP level 5. HP: 14/48 MP: 4/4
  1912 | D:3      | Reached XP level 6. HP: 16/56 MP: 5/5
  2152 | D:3      | Found a hazy altar of Hepliaklqana.
  2202 | D:3      | Found a stormy altar of Qazlal.
  2345 | D:3      | Found a sacrificial altar of Ru.
  2538 | D:4      | Noticed an orc warrior
  2572 | D:4      | Slain by an orc warrior

Skill      XL: |  1  2  3  4 |
---------------+-------------+-----
Fighting       | 4 5 |  5.1
Shields        | 4 |  4.5
Armour         | 4 5 |  5.2
Long Blades    | 3 5 |  5.9
Dodging        | |  0.7
Stealth        | |  0.1

Action                   |  1- 3 |  4- 6 || total
-------------------------+-------+-------++-------
Melee: Long sword        |    63 |   118 ||   181
       Headbutt          |     8 |    19 ||    27
  Use: Scroll            |       |     6 ||     6
       Potion            |       |     1 ||     1
  Eat: Chunk             |       |     2 ||     2
       Ration            |       |     1 ||     1
Armor: Scale mail        |    37 |    48 ||    85
Dodge: Dodged            |    17 |    41 ||    58
Block: Shield            |    42 |    44 ||    86
       Rpst.: Long sword |     6 |     9 ||    15
